 Dungeon Crawl Stone Soup version 0.18-a0-1238-g8adb878 (webtiles) character file.

199054 Lysie the Imperceptible (level 18, -5/86 HPs)
             Began as a Spriggan Enchanter on Feb 4, 2016.
             Was a High Priest of Makhleb.
             Slain by an Executioner (8 damage)
             ... summoned by a deep elf demonologist
             ... on level 3 of the Elven Halls on Feb 5, 2016.
             The game lasted 03:05:02 (35277 turns).

Lysie the Imperceptible (Spriggan Enchanter)       Turns: 35277, Time: 03:05:02

Health: -5/86      AC:  7    Str:  6    XL:     18   Next: 23%
Magic:  27/28      EV: 40    Int: 17    God:    Makhleb [*****.]
Gold:   797        SH:  0    Dex: 28    Spells: 8 memorised, 8 levels left

rFire  . . .     SeeInvis +     o - +9 dagger of Chilly Death {flash freeze, rPois rF- rC++ MR+}
rCold  + + +     Gourm    .     G - +2 robe {MR+}
rNeg   . . .     Faith    .     (shield restricted)
rPois  +         Spirit   .     q - +2 hat {MR+}
rElec  .         Dismiss  .     M - +1 cloak
rCorr  .         Reflect  .     (gloves unavailable)
SustAt .         Harm     .     (boots unavailable)
MR     +++++                    I - amulet of Luoschise {Regen+ Dex+4}
Stlth  ++++++++++               W - ring of protection from cold
                                F - ring of protection from fire

@: hasted, very quick, almost entirely resistant to hostile enchantments,
uncannily stealthy
A: unfitting armour, thin skeletal structure 1, see invisible, deformed body,
herbivore 3, speed 3, low mp 1, slow metabolism 2
a: Minor Destruction, Lesser Servant of Makhleb, Major Destruction, Greater
Servant of Makhleb, Renounce Religion


You were on level 3 of the Elven Halls.
You worshipped Makhleb.
Makhleb was extremely pleased with you.
You were not hungry.

You visited 5 branches of the dungeon, and saw 29 of its levels.
You also visited: Bailey, Ice Cave and Volcano.

You collected 3265 gold pieces.
You spent 2468 gold pieces at shops.

Inventory:

Hand Weapons
 o - the +9 dagger of Chilly Death (weapon) {flash freeze, rPois rF- rC++ MR+}
   (You bought it in a shop on level 2 of the Orcish Mines)

   It has been specially enchanted to freeze those struck by it, causing extra
   injury to most foes and up to half again as much damage against particularly
   susceptible opponents.
   It can also slow down cold-blooded creatures.
   It makes you vulnerable to fire.
   It greatly protects you from cold.
   It protects you from poison.
   It affects your resistance to hostile enchantments.
 y - the +4 dagger of Dilem {drain, rN+ MR+}
   (You acquired it on level 13 of the Dungeon)

   A truly terrible weapon, it drains the life of those it strikes.
   It protects you from negative energy.
   It affects your resistance to hostile enchantments.
 L - a +0 vampiric quick blade
 R - a +2 dagger of holy wrath
Armour
 q - a +2 hat of magic resistance (worn)
 v - a +1 robe of the Archmagi
 B - the +1 robe "Esaph" {-Tele Int+10 Dex-2 Stlth+}
   (You bought it in a shop on level 2 of the Elven Halls)

   It affects your intelligence (+10).
   It affects your dexterity (-2).
   It prevents most forms of teleportation.
   It makes you more stealthy.
 G - a +2 robe of magic resistance (worn)
 M - a +1 cloak (worn)
 V - a +2 buckler
Jewellery
 c - an uncursed ring of wizardry
 p - an uncursed ring of resist corrosion
 r - a +4 ring of dexterity {unknown}
 F - a ring of protection from fire (left hand)
 I - the amulet of Luoschise (around neck) {Regen+ Dex+4}
   (You found it in an ice cave)

   [amulet of regeneration]

   It affects your dexterity (+4).
   It increases your rate of regeneration.
 J - an uncursed ring of stealth
 K - an uncursed ring of fire
 W - a ring of protection from cold (right hand)
 X - an uncursed amulet of rage {unknown}
 Y - an uncursed amulet of regeneration
Wands
 b - a wand of digging (18/24)
Scrolls
 d - a scroll of fog
 i - 15 scrolls of remove curse
 k - 4 scrolls of magic mapping
 t - 15 scrolls of teleportation
 w - 3 scrolls of fear
 C - a scroll of brand weapon
 D - 2 scrolls of identify
 N - a scroll of amnesia
 Q - 6 scrolls of recharging
 S - 6 scrolls of enchant weapon
Potions
 g - 4 potions of brilliance
 h - a potion of berserk rage
 j - 2 potions of cure mutation
 l - 4 potions of curing
 n - 4 potions of haste
 s - 6 potions of might
 u - a potion of magic
 z - 2 potions of agility
 E - 2 potions of cancellation
 O - a potion of invisibility {unknown}
Books
 a - a book of Party Tricks

   Spells                             Type                      Level
   a - Summon Butterflies             Summoning                    1
   b - Apportation                    Translocation                1
   c - Tukima's Dance                 Hexes                        3
   d - Alistair's Intoxication        Transmutation/Poison         5
   e - Invisibility                   Hexes                        6
 e - a book of Spatial Translocations

   Spells                             Type                      Level
   a - Apportation                    Translocation                1
   b - Blink                          Translocation                2
   c - Shroud of Golubria             Charms/Translocation         2
   d - Portal Projectile              Translocation                3
   e - Teleport Other                 Translocation                3
   f - Passage of Golubria            Translocation                4
 f - a book of Enchantments

   Spells                             Type                      Level
   a - Cause Fear                     Hexes                        4
   b - Yara's Violent Unravelling     Hexes/Transmutation          5
   c - Silence                        Hexes/Air                    5
   d - Deflect Missiles               Charms/Air                   6
   e - Haste                          Charms                       6
   f - Discord                        Hexes                        8
 A - an Akashic Record

   Spells                             Type                      Level
   a - Dispersal                      Translocation                6
   b - Malign Gateway                 Summoning/Translocation      7
   c - Disjunction                    Translocation                8
   d - Controlled Blink               Translocation                8
 U - the Reference Book on Enhancements and Malediction
   (You found it in an ice cave)

   Spells                             Type                      Level
   a - Spectral Weapon                Hexes/Charms                 3
   b - Warp Weapon                    Charms/Translocation         5
   c - Deflect Missiles               Charms/Air                   6
   d - Invisibility                   Hexes                        6
 Z - a book of Power

   Spells                             Type                      Level
   a - Fulminant Prism                Conjuration/Hexes            4
   b - Iskenderun's Mystic Blast      Conjuration                  4
   c - Venom Bolt                     Conjuration/Poison           5
   d - Bolt of Magma                  Conjuration/Fire/Earth       5
   e - Iron Shot                      Conjuration/Earth            6
   f - Orb of Destruction             Conjuration                  7
   g - Spellforged Servitor           Conjuration/Summoning        7
Miscellaneous
 x - a box of beasts
 H - a crystal ball of energy
 P - a box of beasts
Comestibles
 T - a bread ration


   Skills:
 * Level 5.7 Fighting
 - Level 8.1 Short Blades
 + Level 19.5 Dodging
 + Level 22.2 Stealth
 - Level 8.2 Spellcasting
 - Level 12.6 Hexes
 - Level 17.6 Invocations


You had 8 spell levels left.
You knew the following spells:

 Your Spells              Type           Power        Failure   Level  Hunger
a - Corona                Hex            #####..      1%          1    None
b - Ensorcelled Hibernat  Hex/Ice        ####..       1%          2    None
c - Dazzling Spray        Conj/Hex       ####....     2%          3    #......
d - Confuse               Hex            #####...     1%          3    #......
e - Tukima's Dance        Hex            #####...     1%          3    #......
f - Blink                 Tloc           N/A          17%         2    None
g - Invisibility          Hex            #####...     12%         6    ######.
h - Silence               Hex/Air        ####......   24%         5    #####..


Dungeon Overview and Level Annotations

Branches:
Dungeon (15/15)            Temple (1/1) D:7            Lair (8/8) D:9
  Swamp (0/4) Lair:5        Snake (0/4) Lair:3        Slime (0/6) Lair:6
    Orc (2/2) D:11            Elf (3/3) Orc:2        Vaults (0/5) D:14
 Depths (0/5) D:15

Altars:
Ashenzari
Cheibriados
Dithmenos
Elyvilon
Fedhas
Gozag
Kikubaaqudgha
Makhleb
Nemelex Xobeh
Okawaru
Pakellas
Qazlal
Ru
Sif Muna
Trog
Vehumet
Xom
Yredelemnul
Zin
The Shining One

Shops:
Orc:2 =[:(   Elf:2 [}[?   Elf:3 :


Innate Abilities, Weirdness & Mutations

You are tiny and cannot use many weapons and most armour.
You have supernaturally acute eyesight.
You are a herbivore.
You cover ground extremely quickly.
You need consume almost no food.
You have a somewhat thin skeletal structure (Dex +2, Stealth).
Armour fits poorly on your strangely shaped body.
Your magical capacity is low (-10% MP).


Message History

* * * LOW HITPOINT WARNING * * *
The Executioner completely misses you. x2
Drink which item? (? for menu, Esc to quit)
Okay, then.
Unknown command.
Read which item? (? for menu, Esc to quit)
Okay, then.
Unknown command.
Press: ? - help, v - describe, . - travel, g - get item
Here: an Executioner (fast, summoned)
A leather armour.
There is something else lying underneath.
The floor, spattered with blood.
Drink which item? (? for menu, Esc to quit)
You feel yourself speed up. The Executioner barely misses you.
The Executioner completely misses you. The Executioner closely misses you.
The Executioner misses you. The Executioner hits you!
* * * LOW HITPOINT WARNING * * *
The Executioner completely misses you. x2; The Executioner hits you!
You die...

(()......[..#.# #........
(.[..#####.##.# #........ ###.##
#.##.# #........ #.# #.##.#
#........ #.# #.##.# #........
#)# #.##'##### ####....... #.##
#.#......## ##......#### #..#
#.#...1...###........## #..#
#.#....@...#..........# #.##
#.#...................# #.###
#.#...................#
###..)####.#...................#
...........#...................##
...........'...............)...'.
.####.######..................###
.# #.# #.....8...........## .#
#.# ##.......#.......##


You could see an Executioner and a crystal guardian (wandering).

Vanquished Creatures
  2 deep elf blademasters
  Gastronok (Lair:3)
  Maud (Lair:6)
  A deep elf sorcerer (Elf:1)
  Louise (D:14)
  A deep elf elementalist (Elf:3)
  An orc warlord (Orc:1)
  Azrael (D:15)
  A deep elf annihilator (Elf:3)
  A deep elf death mage (Elf:3)
  Snorg (D:14)
  4 vault guards (D:14)
  3 crystal guardians (Elf:3)
  A fire dragon (Lair:8)
  A deep elf high priest (Elf:1)
  Fannar (Lair:3)
  The ghost of spanner the Severer, a journeyman MiFi of Okawaru (D:11)
  9 hydras
  An ice dragon (Lair:7)
  An ogre mage (D:14)
  4 catoblepae
  5 centaur warriors
  The ghost of dracos369 the Basher, a novice MiCK of Xom (D:8)
  2 death yaks (IceCv)
  A vampire mage (D:15)
  23 dancing weapons
  2 orc high priests (Orc:2)
  Nergalle (Lair:1)
  4 skeletal warriors
  12 deep elf knights
  A wizard (Elf:1)
  A spark wasp zombie (D:15)
  2 lindwurms (Lair:8)
  4 hill giants
  A necromancer (D:15)
  6 orc knights
  A wolf spider zombie (D:13)
  4 deep elf archers
  28 deep elf magi
  3 griffons
  3 manticores
  2 orc sorcerers (Orc:2)
  5 cyclopes
  3 ugly things
  4 black mambas
  A fire giant skeleton (D:15)
  2 frost giant skeletons (D:15)
  6 torpor snails (Lair:8)
  4 gargoyles
  An ice statue (IceCv)
  13 spiny frogs
  A kobold demonologist (D:15)
  9 komodo dragons
  An efreet (D:15)
  4 yaktaurs
  4 fire drakes
  A tengu conjurer (D:14)
  12 polar bears
  A queen bee (shapeshifter) (Elf:1)
  2 two-headed ogres
  7 giant leeches
  9 trolls
  Grinder (D:4)
  4 slime creatures (D:13)
  9 blink frogs
  An air elemental (Elf:2)
  2 spriggans (Lair:4)
  3 shadows
  2 wraiths
  2 wyverns
  4 fire elementals
  46 yaks
  12 hippogriffs
  A steam dragon (Lair:5)
  Grum (D:9)
  5 basilisks
  3 hungry ghosts
  10 vampire mosquitoes
  22 wolves
  2 mottled dragons
  A swamp worm (Lair:5)
  A hell hound (D:15)
  15 porcupines
  18 water moccasins
  8 sky beasts
  7 orc warriors
  4 ice beasts
  4 black bears
  4 phantoms
  5 wasps
  An eye of draining (D:14)
  2 necrophages
  2 boggarts (Elf:1)
  5 ogres
  14 centaurs
  21 crocodiles
  4 big kobolds
  22 giant frogs
  A gnoll sergeant (Orc:2)
  Blork the orc (D:4)
  4 scorpions
  3 electric eels
  A troll skeleton (D:11)
  3 spriggan skeletons (D:11)
  3 crimson imps
  A quasit (D:9)
  2 giant frog zombies
  5 centaur zombies
  7 hounds
  14 jellies
  9 orc priests
  5 centaur skeletons
  9 iguanas
  19 orc wizards
  2 giant frog skeletons
  Natasha (thrice) (D:4)
  10 worker ants
  A killer bee zombie (D:6)
  25 sheep
  4 gnolls (Orc:2)
  14 adders
  20 river rats
  4 shadow imps
  2 oozes
  An adder zombie (D:5)
  22 worms
  8 giant geckos
  65 orcs
  4 giant cockroaches
  6 goblins
  14 hobgoblins
  3 jackals (D:4)
  29 kobolds
  4 quokkas
  6 ball pythons
  18 bats
  A giant gecko skeleton (D:4)
  8 giant newts
  A jackal zombie (D:9)
  20 rats
  A crawling corpse (Elf:3)
  A fungus (Lair:6)
887 creatures vanquished.

Vanquished Creatures (collateral kills)
  Rupert (Lair:4)
  A deep elf master archer (Elf:3)
  A frost giant (IceCv)
  3 deep elf sorcerers (Elf:3)
  3 deep elf elementalists (Elf:3)
  A deep elf annihilator (Elf:3)
  5 deep elf demonologists (Elf:3)
  A deep elf death mage (Elf:3)
  A crystal guardian (Elf:3)
  4 deep elf high priests (Elf:3)
  A vault guard (D:14)
  Erica (D:9)
  An ogre mage (Orc:1)
  A small abomination (Elf:3)
  An orc high priest (Orc:2)
  A deep elf knight (Elf:2)
  2 skeletal warriors
  6 hill giants
  2 orc knights
  9 deep elf magi
  An orc sorcerer (Orc:2)
  A black mamba (Lair:8)
  2 gargoyles
  A spiny frog (Lair:1)
  A komodo dragon (Lair:4)
  2 two-headed ogres (Orc:1)
  5 polar bears (IceCv)
  2 blink frogs
  A spriggan (Lair:4)
  11 yaks
  A warg (Orc:1)
  2 nagas (Lair:3)
  7 wolves (IceCv)
  A water moccasin (Lair:8)
  A hell hound (D:15)
  19 orc warriors
  9 ogres
  2 crocodiles
  A big kobold (D:10)
  2 giant frogs (Lair:3)
  3 jellies (Lair:6)
  A crimson imp (D:9)
  5 orc priests
  3 orc wizards
  A sheep (D:12)
  6 river rats (Lair:3)
  2 gnolls (Orc:2)
  21 orcs
  A bat (D:9)
  2 kobolds (D:10)
163 creatures vanquished.

Vanquished Creatures (others)
  A deep elf high priest (Elf:3)
  8 dancing weapons
  A polar bear (IceCv)
  An orc wizard (Orc:2)
  7 fungi
  16 plants
  2 withered plants (D:15)
36 creatures vanquished.

Grand Total: 1086 creatures vanquished

Notes
Turn   | Place    | Note
--------------------------------------------------------------
     0 | D:1      | Lysie the Spriggan Enchanter began the quest for the Orb.
     0 | D:1      | Reached XP level 1. HP: 9/9 MP: 5/5
   150 | D:1      | Reached XP level 2. HP: 13/13 MP: 6/6
   159 | D:1      | Learned a level 2 spell: Ensorcelled Hibernation
   584 | D:1      | Reached XP level 3. HP: 14/16 MP: 8/8
  1017 | D:2      | Reached XP level 4. HP: 11/21 MP: 6/9
  1034 | D:2      | Reached skill level 5 in Dodging
  1334 | D:2      | Found a snail-covered altar of Cheibriados.
  1481 | D:2      | Learned a level 3 spell: Dazzling Spray
  1890 | D:3      | Reached XP level 5. HP: 12/24 MP: 4/10
  1923 | D:3      | Learned a level 3 spell: Confuse
  2154 | D:3      | Reached skill level 6 in Dodging
  2587 | D:3      | Reached skill level 7 in Dodging
  2717 | D:4      | Reached XP level 6. HP: 11/28 MP: 1/11
  2980 | D:4      | Noticed Natasha
  2991 | D:4      | Killed Natasha
  3037 | D:4      | Noticed Grinder
  3065 | D:4      | Killed Grinder
  3065 | D:4      | Reached skill level 5 in Short Blades
  3065 | D:4      | Reached skill level 8 in Dodging
  3091 | D:4      | Noticed Natasha
  3098 | D:4      | Reached skill level 9 in Dodging
  3098 | D:4      | Reached XP level 7. HP: 18/32 MP: 8/12
  3128 | D:4      | Killed Natasha
  3190 | D:4      | Noticed Natasha
  3316 | D:4      | Killed Natasha
  3561 | D:5      | Entered Level 5 of the Dungeon
  4146 | D:4      | Reached skill level 10 in Dodging
  4223 | D:4      | Found a deep blue altar of Sif Muna.
  4396 | D:4      | Identified Sif Muna's Handbook of Enhancements
  4525 | D:4      | Noticed Blork the orc
  4527 | D:4      | Killed Blork the orc
  4913 | D:5      | Reached XP level 8. HP: 25/36 MP: 13/13
  5013 | D:5      | Reached skill level 11 in Dodging
  5375 | D:4      | Learned a level 3 spell: Tukima's Dance
  5899 | D:6      | Found an iron altar of Okawaru.
  5983 | D:6      | Reached skill level 12 in Dodging
  6119 | D:6      | Found a glowing silver altar of Zin.
  6387 | D:6      | Gained mutation: You have an increased reservoir of magic (+10% MP). [potion of mutation]
  6387 | D:6      | Gained mutation: You are resistant to electric shocks. [potion of mutation]
  6387 | D:6      | Lost mutation: You have an increased reservoir of magic (+10% MP). [potion of mutation]
  6388 | D:6      | Lost mutation: You are resistant to electric shocks. [potion of mutation]
  6388 | D:6      | Gained mutation: Your mind is acute. (Int +2) [potion of mutation]
  6388 | D:6      | Gained mutation: Armour fits poorly on your strangely shaped body. [potion of mutation]
  6436 | D:6      | Reached skill level 13 in Dodging
  6436 | D:6      | Reached XP level 9. HP: 33/39 MP: 14/14
  6749 | D:7      | Found a staircase to the Ecumenical Temple.
  6756 | Temple   | Entered the Ecumenical Temple
  6860 | Temple   | Became a worshipper of Makhleb the Destroyer
  7118 | D:7      | Reached skill level 5 in Hexes
  7700 | D:8      | Found a sparkling altar of Nemelex Xobeh.
  7894 | D:8      | Noticed dracos369's ghost (novice MiCK)
  8064 | D:8      | Reached * piety under Makhleb
  8427 | D:8      | Killed dracos369's ghost
  8938 | D:9      | Reached skill level 10 in Hexes
  9062 | D:9      | Found a staircase to the Lair.
  9098 | D:9      | Reached XP level 10. HP: 38/44 MP: 8/15
  9225 | D:9      | HP: 1/44 [yak (17)]
  9604 | D:9      | Reached ** piety under Makhleb
  9807 | D:9      | Noticed Grum
  9831 | D:9      | Killed Grum
  9989 | D:9      | Noticed Erica
 10008 | D:9      | Killed Erica
 10455 | D:10     | Entered Level 10 of the Dungeon
 10461 | D:10     | Gained mutation: Your magical capacity is low (-10% MP). [potion of mutation]
 10461 | D:10     | Gained mutation: You have a somewhat thin skeletal structure (Dex +2, Stealth). [potion of mutation]
 10805 | D:10     | Reached skill level 5 in Stealth
 11434 | D:10     | Reached *** piety under Makhleb
 11461 | D:10     | Identified the Reference Book on Earth
 11556 | D:11     | Found a staircase to the Orcish Mines.
 11631 | D:11     | Noticed a purple ugly thing
 11659 | D:11     | Killed a purple ugly thing
 11749 | D:11     | Noticed a white ugly thing
 11752 | D:11     | Killed a white ugly thing
 11752 | D:11     | Reached skill level 14 in Dodging
 11799 | D:11     | Noticed a hill giant
 11809 | D:11     | Reached XP level 11. HP: 47/47 MP: 10/14
 11818 | D:11     | Killed a hill giant
 12091 | D:11     | Noticed spanner's ghost (journeyman MiFi)
 12114 | D:11     | Killed spanner's ghost
 12114 | D:11     | Reached skill level 10 in Stealth
 12119 | D:11     | Noticed a hill giant
 12126 | D:11     | Killed a hill giant
 12496 | D:11     | Reached **** piety under Makhleb
 12889 | D:11     | Noticed a hill giant
 12896 | D:11     | Killed a hill giant
 12986 | D:12     | Found a flagged portal.
 13020 | Bailey   | Entered a bailey
 13087 | Bailey   | Noticed an orc knight
 13185 | Bailey   | Noticed an orc knight
 13247 | Bailey   | Killed an orc knight
 13247 | Bailey   | Reached skill level 15 in Dodging
 13432 | Bailey   | Killed an orc knight
 13523 | D:12     | Noticed a skeletal warrior
 13524 | D:12     | Noticed a skeletal warrior
 13524 | D:12     | Noticed a skeletal warrior
 13525 | D:12     | Noticed a skeletal warrior
 13526 | D:12     | Noticed a hill giant
 13529 | D:12     | Killed a skeletal warrior
 13531 | D:12     | Killed a skeletal warrior
 14081 | D:12     | Killed a hill giant
 14182 | D:12     | Reached XP level 12. HP: 51/51 MP: 10/15
 14184 | D:12     | Reached ***** piety under Makhleb
 14362 | D:11     | Reached skill level 1 in Invocations
 14986 | D:13     | Noticed a catoblepas
 14989 | D:13     | Killed a catoblepas
 14989 | D:13     | Reached skill level 5 in Invocations
 15322 | D:13     | Noticed a centaur warrior
 15327 | D:13     | Killed a centaur warrior
 15330 | D:13     | Identified a scroll of acquirement
 15336 | D:13     | Got a fine dagger
 15338 | D:13     | Identified the +4 dagger of Dilem {drain, rN+ MR+} (You acquired it on level 13 of the Dungeon)
 15868 | D:14     | Noticed a vault guard
 15884 | D:14     | Killed a vault guard
 15891 | D:14     | Noticed an ogre mage
 15896 | D:14     | Killed an ogre mage
 15948 | D:14     | Noticed a vault guard
 15949 | D:14     | Killed a vault guard
 15949 | D:14     | Reached skill level 10 in Invocations
 15974 | D:14     | Noticed a vault guard
 16018 | D:14     | Noticed a catoblepas
 16280 | Lair:1   | Entered Level 1 of the Lair of Beasts
 16291 | Lair:1   | Noticed Nergalle
 16295 | Lair:1   | Killed Nergalle
 16295 | Lair:1   | Reached XP level 13. HP: 55/55 MP: 19/19
 17480 | Lair:3   | Noticed Fannar
 17555 | Lair:3   | Killed Fannar
 17802 | Lair:3   | Found a staircase to the Snake Pit.
 17816 | Lair:3   | Reached ****** piety under Makhleb
 18021 | Lair:3   | Noticed Gastronok
 18047 | Lair:3   | Killed Gastronok
 18677 | Lair:4   | Noticed Rupert
 18716 | Lair:4   | Noticed a cacodemon
 18751 | Lair:4   | Killed Rupert
 19541 | Lair:5   | Found a dark tunnel.
 19552 | Volcano  | Entered a volcano
 20029 | Lair:5   | Reached XP level 14. HP: 59/59 MP: 19/23
 20163 | Lair:5   | Found a staircase to the Swamp.
 20361 | Lair:5   | Learned a level 2 spell: Blink
 20738 | Lair:6   | Found a staircase to the Slime Pits.
 20751 | Lair:6   | Noticed Maud
 21202 | Lair:6   | Killed Maud
 21202 | Lair:6   | Reached skill level 15 in Invocations
 22407 | Lair:7   | Found a frozen archway.
 22479 | IceCv    | Entered an ice cave
 22554 | IceCv    | Reached skill level 16 in Invocations
 22560 | IceCv    | Got an ancient zirconium amulet
 23298 | IceCv    | Noticed a frost giant
 23343 | IceCv    | Killed a frost giant
 23400 | IceCv    | Identified the amulet of Luoschise {Regen+ Dex+4} (You found it in an ice cave)
 23408 | IceCv    | Identified the Reference Book on Enhancements and Malediction
 23666 | IceCv    | HP: 1/59 [something (7)]
 24232 | Lair:8   | Entered Level 8 of the Lair of Beasts
 24377 | Lair:8   | Reached skill level 17 in Invocations
 24668 | Lair:8   | Found a runed door.
 24894 | Lair:8   | Paralysed by a wasp for 1 turns
 25203 | Lair:8   | Reached XP level 15. HP: 63/63 MP: 23/26
 25525 | Lair:8   | Reached skill level 15 in Stealth
 25568 | Lair:8   | Reached skill level 1 in Fighting
 25674 | Lair:8   | Identified Bodeliow's Disquisition on Gliding Changing
 25817 | Lair:2   | Upgraded the game from 0.18-a0-1229-ge9a1a01 to 0.18-a0-1238-g8adb878
 25936 | Orc:1    | Entered Level 1 of the Orcish Mines
 26386 | Orc:2    | Entered Level 2 of the Orcish Mines
 26741 | Orc:2    | Found a staircase to the Elven Halls.
 27225 | Orc:2    | Found Utoczi's Jewellery Boutique.
 27225 | Orc:2    | Found Dozula's Armour Emporium.
 27245 | Orc:2    | Found Oduxox's Book Boutique.
 27245 | Orc:2    | Found Ratainuc's Weapon Emporium.
 27260 | Orc:2    | Bought a book of Party Tricks for 650 gold pieces
 27260 | Orc:2    | Bought a book of Enchantments for 650 gold pieces
 27271 | Orc:2    | Bought the +9 dagger of Chilly Death {flash freeze, rPois rF- rC++ MR+} for 986 gold pieces
 27365 | Orc:2    | Learned a level 6 spell: Invisibility
 27613 | Orc:1    | Noticed an orc warlord
 27631 | Orc:1    | Killed an orc warlord
 27718 | Elf:1    | Entered Level 1 of the Elven Halls
 27945 | Elf:1    | Noticed a deep elf sorcerer
 27949 | Elf:1    | Killed a deep elf sorcerer
 27949 | Elf:1    | Reached skill level 5 in Spellcasting
 28101 | Elf:1    | Learned a level 5 spell: Silence
 28414 | Elf:2    | Found Zetaghua's Antique Armour Emporium.
 28423 | Elf:2    | Bought a heavily jewelled robe for 182 gold pieces
 28433 | Elf:2    | Identified the +1 robe "Esaph" {-Tele Int+10 Dex-2 Stlth+} (You bought it in a shop on level 2 of the Elven Halls)
 28461 | Elf:2    | Lost mutation: Your mind is acute. (Int +2) [a neqoxec]
 28488 | Elf:2    | Found a runed gate.
 28488 | Elf:2    | Found a runed gate.
 28489 | Elf:2    | Found a runed gate.
 28765 | Elf:2    | Found Yleisybefa's Antique Armour Shop.
 28778 | Elf:2    | Found Nyifu's Gadget Shoppe.
 28919 | Elf:2    | Found Toffam's Magic Scroll Emporium.
 29203 | Elf:2    | Noticed a deep elf blademaster
 29204 | Elf:2    | Reached skill level 18 in Stealth
 29204 | Elf:2    | Reached XP level 16. HP: 71/71 MP: 26/26
 29211 | Elf:2    | Killed a deep elf blademaster
 29532 | Elf:2    | Reached skill level 19 in Stealth
 30011 | Elf:3    | Entered Level 3 of the Elven Halls
 30338 | Elf:3    | Found Gawocs's Book Shoppe.
 30600 | Elf:3    | Reached skill level 20 in Stealth
 30731 | Elf:3    | Noticed a deep elf master archer
 30813 | Elf:3    | Killed a deep elf master archer
 30822 | Elf:3    | Noticed a Shadow Fiend
 30957 | Elf:3    | Noticed a deep elf blademaster
 30967 | Elf:3    | Killed a deep elf blademaster
 31100 | Elf:3    | Reached skill level 21 in Stealth
 31646 | Elf:3    | HP: 1/75 [acid (9)]
 31979 | Elf:3    | Noticed a deep elf master archer
 32320 | Elf:2    | Reached XP level 17. HP: 79/79 MP: 27/27
 32952 | D:14     | Noticed Snorg
 32954 | D:14     | Killed Snorg
 33133 | D:14     | Noticed Louise
 33161 | D:14     | Killed Louise
 33195 | D:14     | Reached skill level 5 in Fighting
 33512 | D:14     | Reached XP level 18. HP: 84/84 MP: 21/28
 33545 | D:14     | Found a gate to the Vaults.
 33619 | D:15     | Entered Level 15 of the Dungeon
 33854 | D:15     | Found a staircase to the Depths.
 34349 | D:15     | Reached skill level 22 in Stealth
 34596 | D:15     | Noticed Azrael
 34619 | D:15     | Killed Azrael
 35277 | Elf:3    | HP: 3/86 [Executioner[a deep elf demonologist] (8)]
 35277 | Elf:3    | Slain by an Executioner

Vault maps used:
D:1:      sevenhm_arrival_forest_fort_large_2, minmay_misc_feat_tiny,
          minmay_bisected
D:2:      cheibriados_altar_1
D:4:      led_sif_book, uniq_blork_the_orc, uniq_grinder, uniq_natasha
D:5:      first_bread, serial_curves, eino_curves_01, eino_curves_04,
          eino_curves_04, kennysheep_generic_room_16
D:6:      basic_altar, okawaru_gym_becter
D:7:      serial_corexii_hall, corexii_hall_statues_l, corexii_hall_statues_s
D:8:      eino_tiny_chamber, st_stairs_13, nemelex_dance_club_becter
D:9:      grunt_lair_entry_orc_guard_hut, uniq_erica, uniq_grum
D:11:     orc_0_dummy, hangedman_tell_no_tales
D:12:     enter_bailey_2
D:13:     st_stairs_9
D:14:     grunt_vaults_entry_fortified, minmay_misc_feat_cross, uniq_snorg,
          uniq_louise
D:15:     gammafunk_depths_entry_grave, serial_park_square2, eino_tiny_chamber,
          uniq_azrael
Temple:   grunt_circular_temple_18
Lair:1:   grunt_megastairs_5, uniq_nergalle
Lair:3:   guppyfry_snake_entry_island, minivault_27,
          hangedman_lair_unloving_vines, grunt_megastairs_2, uniq_fannar,
          uniq_gastronok
Lair:4:   wad_woods_02, serial_bayou_shore_a, uniq_rupert
Lair:5:   gammafunk_lair_bear_cave, minmay_swamp_entry_worms,
          nicolae_volcano_entry_lava_flow, columned_hall_lemuel
Lair:6:   minmay_slime_entry_jelly_boxes, uniq_maud
Lair:7:   portal_ice_cave_entry_animals_and_master
Lair:8:   wormcave, hangedman_lair_in_review, st_stairs_4,
          infiniplex_staircase_pool
Orc:2:    grunt_orc_tribal_feast
Elf:1:    hangedman_elf_disciples, hex_large, lemuel_flamethrower_3
Elf:2:    serial_shops, shop_statue, nicolae_shop_trees,
          nicolae_shop_competitors_out_of_business, shop
Elf:3:    minmay_elf_hall_golems, serial_shops, shop, spider_trap
Bailey:   bailey_polearm_1, bailey
IceCv:    ice_cave_caverns_03
Volcano:  volcano_pools

Action                   |  1- 3 |  4- 6 |  7- 9 | 10-12 | 13-15 | 16-18 || total
-------------------------+-------+-------+-------+-------+-------+-------++-------
Melee: Dagger            |    83 |   238 |   576 |   756 |  1809 |   586 ||  4048
 Fire: Hunting sling     |       |     2 |    31 |     3 |       |       ||    36
Throw: Throwing net      |       |       |       |       |     2 |     1 ||     3
 Cast: Ensorcelled Hiber |     6 |    16 |     3 |    23 |    23 |       ||    71
       Dazzling Spray    |       |     2 |     4 |     2 |    31 |     6 ||    45
       Confuse           |       |     7 |    77 |    75 |   113 |     8 ||   280
       Tukima's Dance    |       |       |    15 |    37 |    35 |    29 ||   116
       Invisibility      |       |       |       |       |     5 |     8 ||    13
       Blink             |       |       |       |       |     1 |     1 ||     2
       Silence           |       |       |       |       |       |     2 ||     2
Invok: Lesser Servant of |       |       |       |     1 |     1 |       ||     2
       Greater Servant o |       |       |       |       |    11 |    15 ||    26
       Minor Destruction |       |       |       |       |     3 |       ||     3
       Major Destruction |       |       |       |       |     1 |     1 ||     2
  Use: Potion            |       |     1 |     3 |     2 |     4 |     6 ||    16
       Scroll            |       |       |    15 |    11 |     8 |     5 ||    39
 Stab: Sleeping          |    20 |    22 |    17 |    65 |   126 |    49 ||   299
       Distracted        |     1 |       |       |     3 |    16 |     7 ||    27
       Invisible         |       |     2 |     1 |     1 |    32 |    20 ||    56
       Confused          |       |     5 |    44 |    58 |    68 |     5 ||   180
       Fleeing           |       |       |       |     2 |       |       ||     2
       Held in net/web   |       |       |       |       |       |     1 ||     1
       Petrified         |       |       |       |       |       |     3 ||     3
  Eat: Pizza             |       |     2 |       |     1 |     1 |       ||     4
       Bread ration      |       |       |     3 |     1 |     5 |     3 ||    12
       Royal jelly       |       |       |     1 |     4 |       |       ||     5
       Fruit             |       |       |     2 |     3 |     6 |       ||    11
